 Dungeon Crawl Stone Soup version 0.25-a0-479-g8579842fd4 (webtiles) character file.

Game seed: 14667724592061543518, levelgen mode: deterministic

102 Notrik the Skirmisher (level 4, -1/42 HPs)
             Began as a Hill Orc Berserker on Feb 9, 2020.
             Was a Believer of Trog.
             Slain by a gnoll
             ... wielding a +0 spear
              (2 damage)
             ... on level 2 of the Dungeon.
             The game lasted 00:03:13 (1786 turns).

Notrik the Skirmisher (Hill Orc Berserker)          Turns: 1786, Time: 00:03:13

Health: -1/42      AC:  7    Str: 20    XL:     4   Next: 77%
Magic:  4/4        EV: 11    Int:  7    God:    Trog [**....]
Gold:   92         SH:  0    Dex: 10    Spells: 3/3 levels left

rFire    . . .     SeeInvis .   a - +0 hand axe
rCold    . . .     Gourm    .   (no shield)
rNeg     . . .     Faith    .   n - +0 ring mail
rPois    .         Spirit   .   (no helmet)
rElec    .         Reflect  .   m - +0 cloak
rCorr    .         Harm     .   p - +0 pair of gloves
MR       .....                  (no boots)
Stlth    ..........             l - amulet of the acrobat
HPRegen  0.14/turn              (no ring)
MPRegen  0.09/turn              (no ring)

@: berserk cooldown, slowed, very slow
A: no striking features
a: Berserk, Trog's Hand, Renounce Religion


You were on level 2 of the Dungeon.
You worshipped Trog.
Trog was pleased with you.
You were hungry.

You visited 1 branch of the dungeon, and saw 2 of its levels.

You collected 92 gold pieces.

Inventory:

Hand Weapons
 a - a +0 hand axe (weapon)
Armour
 m - a +0 cloak (worn)
   (You found it on level 1 of the Dungeon)
 n - a +0 ring mail (worn)
   (You found it on level 1 of the Dungeon)
 p - a +0 pair of gloves (worn)
   (You found it on level 2 of the Dungeon)
Jewellery
 i - an uncursed ring of magical power {unknown}
   (You found it on level 1 of the Dungeon)
 l - an amulet of the acrobat (around neck)
   (You found it on level 1 of the Dungeon)
Scrolls
 d - 2 scrolls of remove curse {unknown}
 f - a scroll of enchant weapon {unknown}
 g - a scroll of fear {unknown}
 h - 4 scrolls of identify {@r1}
 k - a scroll of immolation {unknown}
 r - a scroll of random uselessness {unknown}
Potions
 c - a potion of curing {unknown}
 j - a potion of might {unknown}
 o - a potion of heal wounds {unknown}
 q - 2 potions of berserk rage {unknown}
Comestibles
 b - 8 chunks of flesh
 e - 2 rations {!d}


   Skills:
 * Level 5.2 Fighting
 + Level 4.9 Axes
 + Level 3.1 Armour
 - Level 1.5 Dodging


You had 3 spell levels left.
You didn't know any spells.
Your spell library was empty.

Dungeon Overview and Level Annotations

Branches:
Dungeon (2/15)

Altars:
Wu Jian


Message History

You barely miss the gnoll. You hit the gnoll but do no damage.
The gnoll barely misses you. The gnoll closely misses you.
The gnoll hits you with a +0 spear.
You hit the gnoll but do no damage. You hit the gnoll.
The gnoll barely misses you. The gnoll closely misses you.
The gnoll barely misses you.
You closely miss the gnoll. You barely miss the gnoll.
The gnoll hits you from afar with a +0 spear.
The gnoll hits you but does no damage. The gnoll hits you with a +0 flail.
You hit the gnoll but do no damage. You hit the gnoll.
The gnoll barely misses you. x2; The gnoll misses you.
You barely miss the gnoll. You hit the gnoll. The gnoll barely misses you.
The gnoll closely misses you.
You hit the gnoll. x2; The gnoll hits you with a +0 flail.
The gnoll hits you from afar with a +0 spear.
* * * LOW HITPOINT WARNING * * *
The gnoll throws a throwing net.
The throwing net hits you.
You become entangled in the net!
The gnoll hits you but does no damage.
A red film seems to cover your vision as you go berserk!
You feel yourself moving faster!
You feel mighty!
You are feeling hungry.
The gnoll hits you from afar with a +0 spear.
* * * LOW HITPOINT WARNING * * *
The gnoll barely misses you. The gnoll hits you with a +0 spear.
* * * LOW HITPOINT WARNING * * *
You tear a large gash into the net.
You feel a strong urge to attack something.
The gnoll hits you with a cursed -3 flail!
* * * LOW HITPOINT WARNING * * *
The gnoll hits you from afar with a +0 spear.
* * * LOW HITPOINT WARNING * * *
The gnoll hits you but does no damage. x2
You struggle against the net.
The gnoll barely misses you.
The gnoll hits you with a cursed -3 flail.
* * * LOW HITPOINT WARNING * * *
You shred the net and break free!
You feel your anger nearly subside. The gnoll closely misses you.
The gnoll hits you with a +0 flail!
* * * LOW HITPOINT WARNING * * *
You slash the gnoll! x2
You kill the gnoll!
Trog accepts your kill.
You hit the gnoll.
You kill the gnoll!
Trog accepts your kill.
You are no longer berserk.
You are exhausted.
You feel yourself slow down.
The gnoll hits you from afar with a +0 spear.
You die...

....#....#.+...#...........###...
.........#.#....#................
.........#.#.....................
###.....#.##.........##.........
#.........##.........##.........
##.........##.........##.....÷...
......................#####......
.......................# #......
......###.....g)@.##...####....##
...............)g.#............#
..................#......÷.....##
.............>....#..............
...##.............#...........###
..###...........###...........#..
..# #.....#.......##...##.....#..
..# ....#............##........
..# #............##........


You could see 2 gnolls.

Vanquished Creatures
  2 gnolls (D:2)
  2 adders (D:2)
  3 worms (D:2)
  A dart slug (D:2)
  2 leopard geckos (D:1)
  A ball python (D:2)
  2 giant cockroaches
  6 goblins
  5 hobgoblins
  3 jackals (D:1)
  5 kobolds
  10 bats
  4 frilled lizards
  6 rats
52 creatures vanquished.

Notes
Turn   | Place    | Note
-------+----------+-------------------------------------------
     0 | D:1      | Notrik the Hill Orc Berserker began the quest for the Orb.
     0 | D:1      | Reached XP level 1. HP: 19/19 MP: 1/1
   282 | D:1      | Reached skill level 4 in Fighting
   282 | D:1      | Reached XP level 2. HP: 26/27 MP: 2/2
   602 | D:1      | Reached XP level 3. HP: 23/34 MP: 3/3
   634 | D:1      | Reached ** piety under Trog
  1320 | D:2      | Reached XP level 4. HP: 30/41 MP: 4/4
  1406 | D:2      | Found an ornate altar of the Wu Jian Council.
  1518 | D:2      | Reached skill level 5 in Fighting
  1785 | D:2      | HP: 2/63 [gnoll/+0 flail (9)]
  1786 | D:2      | Slain by a gnoll

Levels and vault maps discovered:
D:1:      wheals_arrival_shading, layout_loops_ring
D:2:      layout_basic, lemuel_crystal_altar

Skill      XL: |  1  2  3  4 |
---------------+-------------+-----
Fighting       | 4 5 |  5.2
Armour         | 3 |  3.1
Axes           | |  4.9
Dodging        | |  1.5

Action                   |  1- 3 |  4- 6 || total
-------------------------+-------+-------++-------
Melee: Hand axe          |   118 |    47 ||   165
Invok: Berserk           |       |     1 ||     1
  Use: Scroll            |     1 |       ||     1
 Stab: Sleeping          |     1 |       ||     1
  Eat: Ration            |     1 |       ||     1
Armor: Animal skin       |    15 |       ||    15
       Ring mail         |    14 |    27 ||    41
Dodge: Dodged            |    75 |    45 ||   120

Table legend:
 A = Non-vault XP
 B = Vault XP
 C = Vault XP percentage of total XP
 D = Non-vault monster count
 E = Vault monster count
 F = Vault count percentage of total count
                 A         B        C        D         E       F
            +---------+---------+-------+---------+---------+-------
      Total |     146 |       0 |   0.0 |      52 |       0 |   0.0
            +---------+---------+-------+---------+---------+-------
        D:1 |      42 |       0 |   0.0 |      25 |       0 |   0.0
        D:2 |     104 |       0 |   0.0 |      27 |       0 |   0.0
            +---------+---------+-------+---------+---------+-------
